[Event "Dutch Open 2022"]
[Site "Dieren"]
[Date "2022.08.03"]
[Round "8.5"]
[White "Maatman, Nick"]
[Black "Baselmans, Sam"]
[Result "1/2-1/2"]
[ECO "D31"]
[WhiteElo "2368"]
[BlackElo "2182"]
[Annotator "TA"]
[PlyCount "88"]
[EventDate "2022.07.14"]
[EventType "swiss"]
[EventCountry "NED"]
[SourceTitle "playchess.com"]
[Source "ChessBase"]
[SourceQuality "1"]
[TimeControl "40/5400+30:1800+30"]

1. d4 d5 2. c4 e6 3. Nc3 a6 4. cxd5 exd5 5. Nf3 h6 6. Qb3 {[%emt 0:00:15] D31: Queen's Gambit Declined: Semi-Slav without ...Nf6 (+ Marshall Gambit and Noteboom) and Exchange Variation lines without ...Nf6.} Nf6 7. e4 Nxe4 8. Nxe4 {[%emt 0:00:03] White is slightly better.} dxe4 9. Ne5 {[%emt 0:00:03][%csl Ge5][%cal Rb3f7] [#]} Qe7 (9... Qxd4 $2 10. Qxf7+ Kd8 {[#]} 11. Bg5+ $1 hxg5 12. Rd1 Bb4+ 13. Ke2 Qxd1+ 14. Kxd1 $18) 10. Bc4 Qb4+ 11. Bd2 Qxb3 12. Bxb3 Be6 13. d5 Nd7 14. dxe6 Nxe5 15. exf7+ Nxf7 {[%emt 0:00:30] [#]} 16. Rc1 $146 {[%emt 0:00:58][%mdl 2048] White has the initiative.} ({Predecessor:} 16. Bc3 Nd6 17. O-O-O O-O-O 18. Rhe1 Re8 19. a4 h5 20. Re2 Rh6 21. Rde1 Be7 22. g3 {½-½ (50) Urkedal,F (2522)-Gharibyan,M (2318) Kragero 2019}) 16... Bd6 17. O-O O-O 18. Rfe1 Rae8 19. Rc4 e3 20. Rxe3 Rxe3 21. Bxe3 Kh8 22. f4 Re8 23. Kf2 Nd8 24. Kf3 Nc6 25. Rc1 Rf8 26. g3 g5 27. Bd5 gxf4 28. gxf4 Ne5+ 29. Ke2 Ng6 30. Bxb7 Re8 31. Rc3 Nxf4+ 32. Kd1 a5 33. Bd4+ {[%emt 0:00:13] A strong pair of Bishops.} Kg8 34. Rf3 Ne6 $2 (34... Rd8 $16 35. Kc2 Re8) 35. Bc3 $2 (35. Bd5 $18) 35... Ng5 36. Rf6 Kh7 (36... Ne4 $16) 37. h4 ({Don't play} 37. Bxa5 Bxh2 38. Bc6 Rd8+ 39. Kc1 Be5 $16) ({White should try} 37. Bc6 $18 Re3 38. Bxa5) 37... Ne4 $14 38. Rf7+ (38. Bxe4+ $5 Rxe4 39. h5 $14 (39. Bxa5 Rxh4 40. Bxc7 Bxc7 $11)) 38... Kg8 $1 {[%emt 0:01:50] The position is equal.} 39. Rg7+ Kf8 $1 40. Rg6 {[%emt 0:01:22] Black must now prevent Bg7+.} Nxc3+ 41. bxc3 Re3 42. Rxh6 Rxc3 43. Rf6+ Kg7 44. Rf3 Rxf3 {[%emt 0:00:00] Weighted Error Value: White=0.28 (precise) /Black=0.26 (precise)} 1/2-1/2

[Event "Dutch Open 2022"]
[Site "Dieren"]
[Date "2022.08.03"]
[Round "8.6"]
[White "Ypma, Peter"]
[Black "Bus, Tom"]
[Result "1-0"]
[ECO "A36"]
[WhiteElo "2346"]
[BlackElo "2102"]
[Annotator "TA"]
[PlyCount "133"]
[EventDate "2022.07.14"]
[EventType "swiss"]
[EventCountry "NED"]
[SourceTitle "playchess.com"]
[Source "ChessBase"]
[SourceQuality "1"]
[TimeControl "40/5400+30:1800+30"]

1. e4 c5 2. c4 Nc6 3. Nc3 d6 4. g3 g6 5. Bg2 Bg7 6. Nge2 Rb8 7. O-O Nf6 8. d3 O-O 9. h3 Ne8 {[%emt 0:06:08] A36: Symmetrical English vs ...g6: 4 Bg2 Bg7.} 10. Be3 Nc7 11. d4 cxd4 {[%emt 0:01:20] The position is equal.} (11... Bxd4 {is interesting.} 12. Nxd4 cxd4 13. Bxd4 b5) 12. Nxd4 Ne6 13. Nde2 Nc5 {[%emt 0:04:56] [#]} 14. Rc1 $146 ({Predecessor:} 14. b3 a6 15. f4 Qa5 16. Bd2 Qa3 17. Bc1 Qa5 18. Bd2 b5 19. e5 b4 20. Bxc6 bxc3 21. Nxc3 Nxb3 22. axb3 {0-1 (40) Martens,M (2417)-Klein,D (2511) Netherlands 2016}) 14... Be6 15. b3 a5 16. Kh2 Qd7 17. Qd2 Rfc8 18. Rcd1 Qd8 19. f4 b6 20. Nd4 Nxd4 21. Bxd4 Bxd4 22. Qxd4 f6 23. Qe3 Qf8 24. Nb5 (24. e5 $16) 24... Qh6 25. Rfe1 Nd7 26. Nd4 Bg4 27. Rd2 Rc5 $2 (27... Nc5 $16) 28. e5 (28. Kg1 $142) 28... fxe5 (28... dxe5 $142 29. Nc6 Re8) 29. Nc6 $18 Rxc6 30. Bxc6 Qxh3+ 31. Kg1 exf4 (31... Qh5 {keeps fighting.} 32. Bxd7 Bxd7) 32. Bd5+ Kh8 33. Qc3+ (33. Qxf4 $18 e5 34. Qe3) 33... e5 $11 {[%emt 0:00:19] Threatens to win with ...f3.} 34. Bg2 {[%emt 0:00:10][%mdl 64] [#] Inhibits f3. Discovered Attack} ({Much worse is} 34. Rh2 Qxg3+ 35. Qxg3 fxg3 $15) 34... Qxg3 35. Qxg3 {[%emt 0:00:07] Dancing on a razor blade.} fxg3 36. Re3 h5 37. Rxg3 Kg7 38. Rxd6 Nf6 39. Rc3 {[%emt 0:03:56][%mdl 1024] c5 is the strong threat. White has compensation.} Nd7 (39... e4 $14) 40. Re3 $16 {[%emt 0:00:37] Hoping for Bc6. White is more active.} Kf7 (40... Rf8 $16) 41. Bd5+ $18 Kg7 42. Bc6 Nf6 43. Rxe5 Rf8 44. Bd5 {[%emt 0:00:00] aiming for Re7+.} Nxd5 45. Rexd5 {[%emt 0:00:00][%mdl 4096] Endgame KRR-KRB} ({But not} 45. cxd5 Rf3 $16) 45... Re8 46. Rd2 Rb8 47. a4 Bf5 48. Rc6 (48. R2d5 $16) 48... h4 ({Better is} 48... Kh6 $1 $14) 49. Rh2 h3 50. Rf2 Kf7 51. Kh2 Ke7 (51... Rb7 $16 52. Rb2 Be4) 52. Rd2 {[%emt 0:00:00] Black must now prevent Rdd6.} Kf7 53. Rdd6 Re8 $2 {[%emt 0:02:09] [#]} (53... Kg7 {is a better chance.} 54. Rxb6 Re8) 54. Rc7+ $1 Kg8 55. Rxb6 Re2+ 56. Kg3 {[%emt 0:00:00] White wants to mate with Rb8+.} Re3+ 57. Kf2 {[%emt 0:02:21] White threatens Rb8+ and mate.} Re8 {[%emt 0:00:13] Against Rb8} 58. Rbb7 g5 59. Rg7+ Kh8 60. Rxg5 Be4 61. Rb6 {[%emt 0:02:10] Intending Rh6+ and mate.} h2 62. Rh6+ Bh7 63. Rgh5 {[%emt 0:00:48] White mates.} Rf8+ 64. Kg2 h1=B+ 65. Rxh1 Rg8+ 66. Kf2 Rg6 67. Rxh7+ {[%emt 0:00:30] Weighted Error Value: White=0.26 (precise) /Black=0.40} 1-0

[Event "Dutch Open 2022"]
[Site "Dieren"]
[Date "2022.08.03"]
[Round "8.7"]
[White "Manukonda Arun"]
[Black "Elgersma, Onno"]
[Result "0-1"]
[ECO "E04"]
[WhiteElo "2021"]
[BlackElo "2316"]
[Annotator "TA"]
[PlyCount "58"]
[EventDate "2022.07.14"]
[EventType "swiss"]
[EventCountry "NED"]
[SourceTitle "playchess.com"]
[Source "ChessBase"]
[SourceQuality "1"]
[TimeControl "40/5400+30:1800+30"]

1. d4 Nf6 2. c4 e6 3. Nf3 Bb4+ 4. Bd2 a5 5. g3 d5 6. Bg2 O-O 7. O-O dxc4 8. Bxb4 axb4 9. Ne5 $1 Nc6 {[%emt 0:00:05] E04: Open Catalan: 5 Nf3.} 10. Nxc6 bxc6 11. e3 {[%emt 0:05:00] [#]} e5 $146 {[%emt 0:02:59] Black is slightly better.} ({Predecessor:} 11... Nd5 12. Qc1 Ba6 13. Rd1 Bb5 14. Bf1 Nb6 15. Nd2 Qd5 16. Bg2 Qd6 17. Bf1 Qd5 {½-½ (29) De Ruiter,D (2268)-Gijswijt,B (2387) Haarlem 2019}) 12. Qc1 (12. dxe5 $15 Nd5 13. Qc2) 12... exd4 $17 13. Rd1 Be6 {[%emt 0:01:07][%cal Oc6c5] [#] aiming for ...c5!} (13... Ng4 {feels hotter.} 14. Rxd4 Qf6 15. f3 Ne5) 14. Bxc6 Ra5 $36 {[%emt 0:00:13][%mdl 2048] Threatens to win with ...Qd6. Black is really pushing.} 15. Rxd4 Qe7 16. Qd2 $2 (16. Bf3 $17 {might work better.}) 16... Rb8 (16... Ra6 $19 17. Bb5 Rb6 18. Bxc4 c5 19. Bxe6 cxd4) 17. a3 $2 (17. Qe2 $17) 17... g6 (17... Ra6 $142 18. Bg2 c5) 18. Qe1 Rb6 19. Bg2 c5 20. Rd1 (20. Rd2 $17 {keeps fighting.}) 20... c3 (20... Ra4 $19 {[%cal Oc4c3] is more deadly. ...c3! is the strong threat.} 21. Rd2 c3 22. bxc3 b3) 21. bxc3 b3 {[%emt 0:00:22] Black is more active.} ({Better is} 21... Rb8 $17) 22. c4 $1 $15 Ra4 {[%emt 0:08:33][%cal Ba5a4,Ba4c4,Bc4c2,Bc2d2,Bd2d3][%mdl 32] White must now prevent ...b2.} (22... Raa6 $5 23. Qc3 Bf5 $15) 23. Nd2 $2 (23. Nc3 $11 {and White is okay.} Raa6 24. Qe2) 23... b2 $19 24. Ra2 Rxc4 {[%emt 0:04:54] And now ...Rc2 would win.} 25. a4 $2 (25. Rxb2 Rxb2 26. Nxc4 Bxc4 27. Qc3) 25... Rc2 {[%emt 0:01:02] Black is clearly winning.} 26. a5 Rb8 ({And not} 26... Bxa2 27. axb6 Bd5 28. e4 $17) 27. Ra4 {[%emt 0:09:46] [#]} Rxd2 $1 28. Rb1 (28. Qxd2 b1=Q) 28... Qd7 29. Ra3 Rd3 {[%emt 0:00:17] Weighted Error Value: White=1.05/Black=0.43} 0-1

[Event "Dutch Open 2022"]
[Site "Dieren"]
[Date "2022.08.03"]
[Round "8.8"]
[White "Van Baar, Esper"]
[Black "Stillger, Bernhard"]
[Result "0-1"]
[ECO "C08"]
[WhiteElo "2281"]
[BlackElo "2245"]
[Annotator "TA"]
[PlyCount "70"]
[EventDate "2022.07.14"]
[EventType "swiss"]
[EventCountry "NED"]
[SourceTitle "playchess.com"]
[Source "ChessBase"]
[SourceQuality "1"]
[TimeControl "40/5400+30:1800+30"]

1. e4 e6 2. d4 d5 3. Nd2 c5 4. Ngf3 Nc6 5. exd5 exd5 6. Be2 Nf6 7. O-O Be7 8. dxc5 Bxc5 9. Nb3 Bb6 {[%emt 0:02:22] C08: French Tarrasch: 3...c5 4 exd5 exd5 sidelines.} 10. Bg5 O-O 11. c3 Be6 {[%emt 0:01:54] The position is equal.} 12. Nbd4 h6 {[%emt 0:00:44] [#] White must now prevent ...Nxd4.} 13. Bh4 g5 {[%emt 0:01:01] ...Nxd4 is the strong threat.} 14. Bg3 Ne4 15. Nxe6 fxe6 16. Bd3 ({White should try} 16. Qc2 $11) 16... Nxg3 $15 {[%emt 0:05:16] Black is more active.} 17. hxg3 {[%emt 0:00:06] [#]} Qc7 $146 (17... e5 $5 18. Bc2 e4 $15) ({Predecessor:} 17... e5 18. Bc2 Qd6 19. Nh2 Kg7 20. Qh5 e4 21. Rad1 Rae8 22. Ng4 Ne5 23. Bxe4 Nxg4 24. Qxg4 {1-0 (33) Schulz,P (2074)-Helmbold,I (2022) Germany 2011}) 18. Nd4 (18. Kh1 $11) 18... Nxd4 (18... Rf6 {is interesting.} 19. Bb5 Raf8 20. Bxc6 bxc6 21. g4 c5) 19. cxd4 Qg7 (19... Bxd4 {seems wilder.} 20. Bh7+ Kxh7 21. Qxd4 Qb6) 20. Qg4 $1 Rae8 21. Rae1 {[%emt 0:00:07] Black keeps a firm grip on the game.} ({But not} 21. Bb5 h5 22. Qxh5 Re7 $17) ({Better is} 21. Rad1 $1 $15) 21... Qxd4 $17 22. Qe2 Qg7 23. Rd1 (23. Qh5 $142) 23... Rf6 24. Rd2 (24. Qh5 $17 {was called for.} Ref8 25. Rd2) 24... Ref8 25. Qg4 $2 (25. Qh5) 25... h5 $19 26. Qxh5 (26. Qb4 $142) 26... Rh6 27. Qg4 Kf7 {[%emt 0:04:39][%cal Bg8f7,Bf7g7,Bg7f8][%mdl 32] [#] Threatens to win with ...Qh8.} 28. Bf5 Qf6 (28... Rfh8 $142 29. Bxe6+ Ke7) 29. Bxe6+ Qxe6 30. Qf3+ (30. Qxe6+ $142 Kxe6 31. Rfd1) 30... Kg7 {[%emt 0:00:37] ( -> ...Rfh8)} 31. Qc3+ Qf6 (31... Rff6 $142 32. Rc2 Qe8) 32. Rxd5 (32. Qxf6+ $142 Rhxf6 33. g4) 32... Qxc3 33. bxc3 Rfh8 {[%emt 0:00:14][%csl Gh8][%cal Rh6h1] Black mates.} 34. Rd7+ Kf8 35. Re1 Rh1# {[%emt 0:08:47] Weighted Error Value: White=0.96/Black=0.33} 0-1

[Event "Dutch Open 2022"]
[Site "Dieren"]
[Date "2022.08.03"]
[Round "8.9"]
[White "Kumar, Prajit Sai"]
[Black "Baselmans, Luuk"]
[Result "0-1"]
[ECO "A47"]
[WhiteElo "2040"]
[BlackElo "2256"]
[Annotator "NA RC"]
[PlyCount "74"]
[EventDate "2022.07.14"]
[EventType "swiss"]
[EventCountry "NED"]
[SourceTitle "playchess.com"]
[Source "ChessBase"]
[SourceQuality "1"]
[TimeControl "40/5400+30:1800+30"]

1. d4 Nf6 2. Nf3 e6 3. Bf4 b6 4. e3 Bb7 5. Bd3 d6 6. h3 Nbd7 7. Nbd2 Qe7 8. e4 g6 9. Qe2 e5 10. dxe5 dxe5 11. Bh2 Bg7 12. c3 O-O 13. O-O a6 14. Rfe1 Nh5 15. Nc4 Rad8 16. Qc2 Nf4 17. Bf1 f6 18. b4 Bh6 19. Ne3 Kh8 20. Rad1 a5 21. a3 axb4 22. cxb4 c5 23. b5 Ne6 24. Nd5 Bxd5 25. exd5 Nd4 26. Nxd4 cxd4 27. Rxd4 Qxa3 28. Ra4 Qc5 29. Rc4 Qxd5 30. Rd1 Qa8 31. Rc6 Bg7 32. Rdd6 Rfe8 33. Qd1 Nc5 34. Rxb6 Ne6 35. Ra6 Qb8 36. Bc4 Nc5 37. Rab6 Qxb6 0-1

[Event "Dutch Open 2022"]
[Site "Dieren"]
[Date "2022.08.03"]
[Round "8.10"]
[White "Zwirs, Jasper"]
[Black "Pijkeren, Jan"]
[Result "0-1"]
[ECO "B42"]
[WhiteElo "2105"]
[BlackElo "2196"]
[Annotator "TA"]
[PlyCount "158"]
[EventDate "2022.07.14"]
[EventType "swiss"]
[EventCountry "NED"]
[SourceTitle "playchess.com"]
[Source "ChessBase"]
[SourceQuality "1"]
[TimeControl "40/5400+30:1800+30"]

1. e4 c5 2. Nf3 e6 3. d4 cxd4 4. Nxd4 a6 5. Bd3 Bc5 6. Nb3 Be7 7. O-O d6 8. Qg4 g6 {[%emt 0:00:06] B42: Sicilian: Kan Variation: 5 Bd3.} 9. Qe2 Nd7 10. a4 b6 {[%emt 0:01:36] White is slightly better.} 11. Na3 Qc7 12. Nc4 Bb7 13. a5 b5 14. Nb6 Nxb6 15. axb6 Qxb6 16. Be3 Qc7 17. Rfc1 Nf6 18. c4 bxc4 {[%emt 0:01:10] [#]} 19. Rxc4 $146 ({Predecessor:} 19. Bxc4 Qd7 20. Bh6 Nxe4 21. Bxa6 Rxa6 22. Rxa6 Bxa6 23. Qxa6 f5 24. Qa8+ Bd8 25. Ra1 {0-1 (58) Kilic,E (2241)-Kamer,K (2417) Antalya 2019}) 19... Qd7 (19... Qd8 $16) 20. Rac1 $1 $18 {[%emt 0:18:46] aiming for Rc7.} Rc8 {[%emt 0:08:21] Inhibits Rc7.} 21. Rxc8+ Bxc8 22. Bh6 $1 {[%emt 0:01:47] Na5 is the strong threat.} Bf8 $2 (22... Qd8 23. e5 (23. Bxa6 Bd7 $16) 23... dxe5) 23. Bxa6 Bxa6 24. Qxa6 Ke7 (24... Bxh6 $142 25. Rc8+ Ke7 26. Rxh8 e5) 25. Rc8 $2 (25. Bg5 $18 {and the rest is easy.}) 25... Bg7 $16 26. Rxh8 Bxh8 27. f3 {[%emt 0:07:28] Prevents Ng4.} ({White should try} 27. Nd4 $1 $16 Ng4 28. Nc6+ Kf6 29. Bf8) 27... Ne8 $11 28. Bg5+ Kf8 29. Qe2 Qb7 30. Qc2 Qb6+ 31. Kh1 Qb5 $40 {[%emt 0:00:37][%cal Rb5f1][%mdl 128] White needs to defend precisely.} 32. Bh6+ Ke7 33. h3 $2 (33. Kg1 $15) 33... Qf1+ $19 34. Kh2 Be5+ 35. f4 Bxf4+ 36. Bxf4 Qxf4+ {[%emt 0:00:05][%mdl 4096] Endgame KQN-KQN} 37. Kh1 Qe3 38. Nd2 Nf6 39. Qc7+ Nd7 $1 40. Qc2 Nc5 41. b4 Nd3 42. b5 {[%emt 0:11:50] [#]} Ne1 $1 43. Qc7+ Kf6 44. Qxd6 (44. Nf1 {was worth a try.} Qd3 45. Kg1) 44... Qf2 45. e5+ (45. Qh2 $142 Qxd2 46. b6) 45... Kg7 46. Qc6 Qxd2 47. b6 Nd3 48. b7 Qe1+ 49. Kh2 Qxe5+ 50. Kh1 Qe1+ 51. Kh2 Qe5+ 52. Kh1 $1 Nc5 53. b8=Q Qxb8 54. Qxc5 {[%emt 0:00:05] KQ-KQ} Qf4 55. Qc3+ Qf6 56. Qe1 Qd4 {[%emt 0:00:15] Hoping for ...h5.} 57. Qf1 h5 {[%emt 0:00:10] And now ...e5 would win.} 58. Qe1 e5 {[%emt 0:01:51][%cal Be6e5,Be5e4,Be4e3][%mdl 32] ( -> ...e4)} 59. Qf1 Qf4 60. Qe2 e4 {[%emt 0:00:19] Black mates.} 61. Kg1 e3 62. Qb2+ Qf6 63. Qe2 Qd4 64. h4 Qf4 65. Qb2+ Kh7 66. Qe2 Qg3 67. Qf1 Kg8 68. Qe2 Qe5 69. Kf1 Qa1+ 70. Qe1 Qxe1+ 71. Kxe1 {[%emt 0:00:02] KP-KP} Kg7 72. Ke2 Kf6 73. Kxe3 {[%emt 0:00:04] K3P-KPP} Ke5 74. Kf3 {[%emt 0:02:26] [#]} Kf5 $1 75. Kg3 Ke4 76. Kh3 Kf4 77. g3+ Kf3 78. Kh2 Kg4 79. Kg2 f5 {[%emt 0:00:23] Quite a comeback for Black.  Weighted Error Value: White=0.61/Black=0.29 (precise)} 0-1

[Event "Dutch Open 2022"]
[Site "Dieren"]
[Date "2022.08.03"]
[Round "8.11"]
[White "Labruyere, Roger"]
[Black "Op den Dries, Johan"]
[Result "0-1"]
[ECO "B01"]
[WhiteElo "2070"]
[BlackElo "2104"]
[Annotator "NA RC"]
[PlyCount "70"]
[EventDate "2022.07.14"]
[EventType "swiss"]
[EventCountry "NED"]
[SourceTitle "playchess.com"]
[Source "ChessBase"]
[SourceQuality "1"]
[TimeControl "40/5400+30:1800+30"]

1. e4 d5 2. exd5 Nf6 3. Be2 Nxd5 4. d4 g6 5. Nf3 Bg7 6. O-O O-O 7. c4 Nb6 8. h3 Nc6 9. Be3 e5 10. d5 Ne7 11. Nc3 Nf5 12. Bg5 f6 13. Bc1 Nd7 14. g4 Nd6 15. Be3 f5 16. Ng5 f4 17. Ne6 Qh4 18. Nxf8 Bxf8 19. Bc1 Qxh3 20. Qd3 Qh4 21. Ne4 Nxe4 22. Qxe4 Nf6 23. Qh1 Qg5 24. f3 Bc5+ 25. Kg2 Nxg4 26. fxg4 Bxg4 27. Rf3 Bxf3+ 28. Kxf3 Re8 29. Bf1 e4+ 30. Ke2 Qg4+ 31. Ke1 f3 32. Bh3 f2+ 33. Kd2 e3+ 34. Kc3 Qd4+ 35. Kb3 Qd3+ 0-1

[Event "Dutch Open 2022"]
[Site "Dieren"]
[Date "2022.08.03"]
[Round "8.12"]
[White "Binnendijk, Ferdinand"]
[Black "Achuthan, Dylan"]
[Result "1/2-1/2"]
[ECO "D97"]
[WhiteElo "2147"]
[BlackElo "1989"]
[Annotator "TA"]
[PlyCount "106"]
[EventDate "2022.07.14"]
[EventType "swiss"]
[EventCountry "NED"]
[SourceTitle "playchess.com"]
[Source "ChessBase"]
[SourceQuality "1"]
[TimeControl "40/5400+30:1800+30"]

1. d4 Nf6 2. c4 g6 3. Nc3 d5 4. Nf3 Bg7 5. Qb3 dxc4 6. Qxc4 O-O 7. e4 a6 8. Be2 b5 9. Qb3 c5 10. dxc5 Be6 11. Qc2 {[%emt 0:01:42] D97: Grünfeld: Russian System: 7 e4, replies other than 7...Bg4.} Nbd7 12. Be3 {[%emt 0:02:42] next Rd1 is good for White.} Rc8 $1 13. Rd1 {[%emt 0:04:53] The position is equal.} Qa5 $1 {[%emt 0:00:38][%mdl 4] [#] is currently scoring better than 13...b4.} 14. Ng5 $146 (14. a3 $1 $14) ({Predecessor:} 14. a3 b4 15. axb4 Qxb4 16. Nd4 Nxc5 17. Nxe6 Nxe6 18. O-O Nxe4 19. Qxe4 Bxc3 20. Qxb4 Bxb4 21. Bxa6 {½-½ (65) Esipenko,A (2723)-Paravyan,D (2617) Chess.com INT 2022}) 14... Nxc5 $11 15. Bxc5 Rxc5 16. Nxe6 fxe6 17. Qb3 Re5 (17... Nd5 {keeps more tension.} 18. O-O Nf4 19. Bg4 Bxc3 20. g3 Kg7) 18. O-O Nxe4 19. Nxe4 Rxe4 20. Bf3 Re5 21. Rd7 Bf6 22. g3 Rc8 23. Rfd1 Rc4 24. Rd8+ Kf7 25. Ra8 Re1+ 26. Kg2 Rxd1 (26... Rb4 $5 27. Qc2 Rxd1 28. Bxd1 Rc4 $15) 27. Qxd1 Rd4 {[%emt 0:00:25] Inhibits Qd7.} 28. Qc1 {[%emt 0:02:39][%mdl 1024] Strongly threatening Qc8. White has compensation.} Rd8 {[%emt 0:00:55] Against Qc8} 29. b4 Qb6 30. Qh6 Kg8 31. Qe3 Qd6 32. Rxd8+ {[%emt 0:00:17][%mdl 64] [#] Deflection} Qxd8 33. Qxe6+ $16 {[%emt 0:00:06][%mdl 4096] Endgame KQB-KQB} Kg7 34. Bd5 (34. Qxa6 $16 Qd7 35. Qb6) 34... a5 $2 ({Better is} 34... Qd6 $14) 35. h4 $2 (35. bxa5 $18 Qe8 36. g4) 35... axb4 $14 36. Kh3 {[%emt 0:03:09] White is more active.} ({White should try} 36. Qf7+ $1 $14 Kh6 37. Be4) 36... Qf8 $1 $11 37. g4 Bc3 38. Kg2 h6 {[%emt 0:05:52] [#]} (38... Bd2 $1 $11) 39. g5 $1 $16 ({Much less strong is} 39. h5 gxh5 40. gxh5 Kh8 $14) 39... Kh7 40. f4 Qg7 41. h5 (41. Be4 $16 {Hoping for h5.} Qg8 42. Qxe7+ Kh8 43. Qd6 (43. gxh6 Qxa2+ 44. Kf3 Qb3 $16)) 41... gxh5 $11 42. Be4+ Kh8 43. g6 Qf6 44. Qc8+ Kg7 45. Qe8 (45. Qf5 $15) 45... Be1 (45... Qxf4 {gets mated.} 46. Qxe7+ Kg8 47. Bd5+) 46. Bc2 Bd2 47. f5 (47. Qxb5 $15 Qxf4 48. Qf5) 47... Qg5+ $17 {[%emt 0:00:10] Black is better.} 48. Kh1 {[%emt 0:00:30] White threatens Qf7+ and mate.} Qh4+ 49. Kg2 Qg4+ 50. Kf2 {[%emt 0:00:13] Qf7+ would kill now.} Qd4+ 51. Kg2 {[%emt 0:00:52] Threatening mate with Qf7+.} Qd5+ 52. Kf2 Bg5 {[%emt 0:01:40] ( -> ...Qd2+)} 53. Qf7+ Qxf7 {[%emt 0:00:41] Weighted Error Value: White=0.31/Black=0.28 (precise)} 1/2-1/2

[Event "Dutch Open 2022"]
[Site "Dieren"]
[Date "2022.08.03"]
[Round "8.13"]
[White "Albers, Sasa"]
[Black "Vos, Tjark"]
[Result "0-1"]
[ECO "B06"]
[WhiteElo "2203"]
[BlackElo "2224"]
[Annotator "TA"]
[PlyCount "68"]
[EventDate "2022.07.14"]
[EventType "swiss"]
[EventCountry "NED"]
[SourceTitle "playchess.com"]
[Source "ChessBase"]
[SourceQuality "1"]
[TimeControl "40/5400+30:1800+30"]

1. e4 g6 2. d4 Bg7 3. Nf3 d6 4. Be3 Nd7 5. Nc3 a6 6. Bc4 {[%emt 0:03:04] B06: Modern Defence.} e6 7. a4 {[%emt 0:01:54] Prevents b5.} Ngf6 8. Qd2 {[%emt 0:01:33] White is slightly better.} O-O {[%emt 0:02:51][%cal Of6e4] [#]} 9. Bh6 $146 ({Predecessor:} 9. Rd1 Nb6 10. Bb3 Bd7 11. h3 d5 12. e5 Ne4 13. Nxe4 dxe4 14. Ng5 h6 15. Nxe4 {1-0 (36) Spatz,H-Hoffmann,C Bad Neustadt 1990}) 9... d5 10. Bxg7 Kxg7 11. exd5 Nb6 12. Bb3 exd5 13. O-O Be6 14. Rad1 (14. Rfe1 {is superior.}) 14... Qd6 15. a5 Nbd7 16. Rfe1 (16. h3 $11 {is more appropriate.}) 16... Bg4 $15 17. Re3 Rfe8 18. Rde1 Bxf3 19. gxf3 c6 20. Rxe8 Rxe8 21. Rxe8 Nxe8 22. Ne2 Qf6 23. Kg2 Nd6 {[%emt 0:40:43] Prevents c4.} 24. Qf4 Nf5 25. c3 g5 26. Qg4 Nh4+ $1 {[%emt 0:00:00] Pair of Knights!} 27. Kg3 $2 {[%emt 0:02:11] [#] Loses the game.} ({Reject} 27. Kf1 Qg6 $1 28. Nc1 Nf6) (27. Kh1 $17) 27... h6 $1 28. f4 Qe7 29. fxg5 hxg5 30. Bc2 $2 {[%emt 0:00:27] [#]} (30. Nf4 f5 31. Ne6+ Qxe6 32. Qxg5+ Ng6 33. Bc2) 30... Kh6 $1 $19 {[%emt 0:00:00] Hoping for ...Nf6.} 31. Bd3 f5 32. Qh3 Nf6 (32... f4+ $142 33. Nxf4 gxf4+ 34. Kxf4 Qg5#) 33. f3 Qe3 34. b3 Qxf3# {[%emt 0:00:00] Weighted Error Value: White=1.03/Black=0.38} 0-1

[Event "Dutch Open 2022"]
[Site "Dieren"]
[Date "2022.08.03"]
[Round "8.14"]
[White "Vogel, Jaap"]
[Black "Shakhverdian, William"]
[Result "1-0"]
[ECO "D02"]
[WhiteElo "2147"]
[BlackElo "2040"]
[Annotator "NA RC"]
[PlyCount "45"]
[EventDate "2022.07.14"]
[EventType "swiss"]
[EventCountry "NED"]
[SourceTitle "playchess.com"]
[Source "ChessBase"]
[SourceQuality "1"]
[TimeControl "40/5400+30:1800+30"]

1. Nf3 d5 2. g3 c5 3. Bg2 Nc6 4. d4 cxd4 5. Nxd4 Nf6 6. O-O Bd7 7. c4 e5 8. Nxc6 Bxc6 9. cxd5 Nxd5 10. Qb3 Nb6 11. Bxc6+ bxc6 12. Nc3 Be7 13. Be3 O-O 14. Rfd1 Qc7 15. Rac1 Rfd8 16. Rxd8+ Bxd8 17. Bc5 Rb8 18. Ne4 Nc8 19. Qc2 Be7 20. b3 f5 21. Qc4+ Kh8 22. Qf7 g6 23. Nf6 1-0

[Event "Dutch Open 2022"]
[Site "Dieren"]
[Date "2022.08.03"]
[Round "8.15"]
[White "Saketh, Pedagandham"]
[Black "Roorda, Thijs"]
[Result "1-0"]
[ECO "A96"]
[WhiteElo "1928"]
[BlackElo "2113"]
[Annotator "NA RC"]
[PlyCount "87"]
[EventDate "2022.07.14"]
[EventType "swiss"]
[EventCountry "NED"]
[SourceTitle "playchess.com"]
[Source "ChessBase"]
[SourceQuality "1"]
[TimeControl "40/5400+30:1800+30"]

1. Nf3 e6 2. g3 f5 3. Bg2 Nf6 4. c4 Be7 5. O-O O-O 6. Nc3 d6 7. d4 Ne4 8. Nxe4 fxe4 9. Nd2 d5 10. f3 Nc6 11. e3 exf3 12. Nxf3 Bf6 13. b3 Qe7 14. Bb2 dxc4 15. bxc4 e5 16. dxe5 Rd8 17. exf6 Qxe3+ 18. Kh1 Rxd1 19. f7+ Kxf7 20. Raxd1 Kg8 21. Rde1 Qc5 22. Re8+ Kf7 23. Rh8 Rb8 24. Ng5+ Kg6 25. Be4+ Bf5 26. Rxf5 Qxf5 27. Rxb8 Nxb8 28. Bxf5+ Kxf5 29. h4 h6 30. Nf3 g5 31. hxg5 hxg5 32. Kg2 c5 33. Ne5 Na6 34. Kf3 Nc7 35. g4+ Ke6 36. Ke4 Ne8 37. Nf3 Nd6+ 38. Kd3 Nf7 39. Bg7 a6 40. a4 a5 41. Bc3 b6 42. Bg7 Ke7 43. Ke4 Ke6 44. Be5 1-0